 Dungeon Crawl Stone Soup version 0.29.0-4-gdea44cf6ec (webtiles) character file.

Game seed: 7554995614659034336

48 qw the Chopper (level 3, -1/21 HPs)
             Began as a Tengu Warper on Aug 28, 2022.
             Slain by Ijyb
             ... wielding a +0 club
              (5 damage)
             ... on level 3 of the Dungeon.
             The game lasted 00:00:14 (2250 turns).

qw the Chopper (Tengu Warper)                       Turns: 2250, Time: 00:00:15

Health: -1/21      AC: 14    Str: 10 (13) XL:     3   Next: 72%
Magic:  7/7        EV: 12    Int: 12 (13) God:
Gold:   120        SH:  0    Dex: 14 (16) Spells: 6/6 levels left

rFire   . . .      SeeInvis .   Y - +0 hand axe (protect)
rCold   + . .      Faith    .   (no shield)
rNeg    . . .      Spirit   .   b - +0 leather armour
rPois   .          Reflect  .   (helmet restricted)
rElec   .          Harm     .   h - +1 cloak
rCorr   .          Rampage  .   c - +1 pair of gloves of Midnight {Fly rC+ Dex+3}
Will    .....                   (boots unavailable)
Stlth   +.........              i - amulet of the acrobat
HPRegen 0.07/turn               (no ring)
MPRegen 0.10/turn               (no ring)

@: under a protective aura, flying
A: beak, talons 3
a: no special abilities


You were on level 3 of the Dungeon.
You visited 1 branch of the dungeon, and saw 3 of its levels.

You collected 120 gold pieces.


Innate Abilities, Weirdness & Mutations

You have a beak for a mouth.
You have claws for feet.


   Skills:
 - Level 2.0 Fighting
 + Level 4.3 Axes
 - Level 1.0 Throwing
 - Level 1.1 Armour
 - Level 2.1 Dodging
 - Level 2.0 Spellcasting
 - Level 2.4 Translocations


You had 6 spell levels left.
You didn't know any spells.
Your spell library contained the following spells:

 Spells                   Type           Power      Damage    Failure   Level
 Blink                    Tloc           12%        N/A       22%         2
 Gell's Gravitas          Tloc           6%         N/A       38%         3
 Lesser Beckoning         Tloc           6%         N/A       38%         3
 Teleport Other           Tloc           6%         N/A       38%         3
 Manifold Assault         Tloc           6%         N/A       98%         5

Inventory:

Hand Weapons
 k - a +0 club
 Y - a +0 hand axe of protection (weapon)
Missiles
 e - 5 silver javelins (quivered)
Armour
 b - a +0 leather armour (worn)
 c - the +1 pair of gloves of Midnight (worn) {Fly rC+ Dex+3}
   (You found it on level 2 of the Dungeon)

   Dex:       It affects your dexterity (+3).
   rC:        It protects you from cold.
   Fly:       It grants you flight.
 h - a +1 cloak (worn)
Jewellery
 i - an amulet of the acrobat (around neck)
Scrolls
 f - a scroll of identify
Potions
 a - a potion of curing
 d - a potion of flight {unknown}
 g - a potion of magic {unknown}
 m - a potion of mutation {unknown}

Dungeon Overview and Level Annotations

Branches:
Dungeon (3/15)

Altars:

Shops:
D:1 :

Annotations:
D:3 Ijyb, Natasha


Message History

Ijyb is severely wounded.
Natasha, Servant of Life and Death comes into view.
Ijyb drinks a potion.
Ijyb is healed!
You barely miss Ijyb.
Natasha hisses angrily.
Your kick misses Ijyb. You peck Ijyb.
Ijyb is moderately wounded.
Ijyb hits you with a +0 club.
You closely miss Ijyb. Your kick misses Ijyb.
Ijyb is moderately wounded.
Ijyb hits you but does no damage. Ijyb hits you with a +0 club.
You hit Ijyb but do no damage.
Your weapon exudes an aura of protection.
Ijyb is moderately wounded.
Natasha casts a spell at you. The magic dart hits you.
Ijyb hits you with a +0 club.
You hit Ijyb but do no damage. Your kick misses Ijyb.
Ijyb is moderately wounded.
Ijyb hits you with a +0 club.
You hit Ijyb. You peck Ijyb, but do no damage.
Ijyb is heavily wounded.
You barely miss Natasha. Natasha claws you but does no damage.
Ijyb hits you but does no damage.
You hit Ijyb. Your kick misses Ijyb.
Ijyb is heavily wounded.
You hit Natasha but do no damage. Natasha claws you but does no damage.
Ijyb misses you.
You closely miss Ijyb. Your peck misses Ijyb.
Ijyb is heavily wounded.
You hit Natasha but do no damage. Natasha claws you but does no damage.
Ijyb hits you with a +0 club.
You hit Ijyb but do no damage. You claw Ijyb, but do no damage.
Ijyb is heavily wounded.
You barely miss Natasha. Natasha closely misses you.
Ijyb hits you but does no damage.
You completely miss Ijyb. Your kick misses Ijyb.
Ijyb is heavily wounded.
You hit Natasha. Natasha barely misses you. Ijyb hits you with a +0 club.
You die...

..... #.... .## .....
##... ..# ....##...
:.# # #......# ..#
..##.......### ..# #
............. ..#.##
#......##.##)....#
#.............#
...####.#######@h.#.#
............# ##g.#
#######.###.# ..#
#.....####..#
##.###............
...>................
######.#.....#........
....##.#.......#
######
....##.#......## ....


You could see Ijyb and Natasha.

Vanquished Creatures
  An adder (D:3)
  A worm (D:2)
  2 dart slugs (D:1)
  3 endoplasms
  3 giant cockroaches
  5 goblins
  2 hobgoblins
  A quokka (D:2)
  8 ball pythons (D:1)
  A bat (D:1)
  A frilled lizard (D:2)
  A kobold (D:1)
  A rat (D:1)
30 creatures vanquished.

Notes
Turn   | Place    | Note
-------+----------+-------------------------------------------
     0 | D:1      | qw the Tengu Warper began the quest for the Orb.
     0 | D:1      | Reached XP level 1. HP: 12/12 MP: 4/4
     0 | D:1      | 0 ||| qw: Version: 0.1-a-89-g26bdef1
     0 | D:1      | 0 ||| qw: Game counter: 501
     0 | D:1      | 0 ||| qw: Always use a shield: true
     0 | D:1      | 0 ||| qw: God list: Okawaru
     0 | D:1      | 0 ||| qw: Allow faded altars: false
     0 | D:1      | 0 ||| qw: Do Orc after D:15 true
     0 | D:1      | 0 ||| qw: Do second Lair branch before Depths: true
     0 | D:1      | 0 ||| qw: Lair rune preference: random
     0 | D:1      | 0 ||| qw: Plans: Normal
     0 | D:1      | 0 ||| PLANNING D:1-11
   187 | D:1      | 187 ||| Stepping ~*~*~tactically~*~*~ (stealth).
   198 | D:1      | Reached XP level 2. HP: 17/17 MP: 6/6
   240 | D:1      | Reached skill level 3 in Axes
   695 | D:1      | Found Girrywet's Book Emporium.
   835 | D:1      | Found a faded altar of an unknown god.
   892 | D:1      | Reached XP level 3. HP: 21/21 MP: 7/7
  1118 | D:1      | 1118 ||| UPGRADING to +1 cloak.
  1123 | D:1      | 1123 ||| UPGRADING to amulet of the acrobat.
  1128 | D:1      | 1128 ||| READING scroll labelled JURAUXK EBUKU.
  1129 | D:1      | 1129 ||| READING scroll labelled TASTYTEUQA.
  1130 | D:1      | 1130 ||| DROPPING scroll of blinking.
  1198 | D:2      | Identified the +1 pair of gloves of Midnight {Fly rC+
                  | Dex+3}
  1356 | D:2      | 1356 ||| Stepping ~*~*~tactically~*~*~ (stealth).
  1537 | D:2      | 1537 ||| Stepping ~*~*~tactically~*~*~ (stealth).
  1557 | D:2      | Reached skill level 4 in Axes
  1883 | D:2      | 1883 ||| UPGRADING to +1 pair of gloves of Midnight {Fly
                  | rC+ Dex+3}.
  1888 | D:2      | 1888 ||| READING scroll labelled WECAONT QUGAC.
  1892 | D:2      | 1892 ||| READING scroll labelled XIEGGETIHI.
  1893 | D:2      | 1893 ||| READING 2 scrolls labelled YLOCEI PELASAM.
  1894 | D:2      | 1894 ||| DRINKING 2 cyan potions.
  1895 | D:2      | 1895 ||| DRINKING 2 glowing pink potions.
  1896 | D:2      | 1896 ||| DROPPING potion of degeneration.
  1897 | D:2      | 1897 ||| DROPPING scroll of poison.
  1898 | D:2      | 1898 ||| Stepping randomly (stuck).
  1899 | D:2      | 1899 ||| Stepping ~*~*~tactically~*~*~ (cloud).
  1900 | D:2      | 1900 ||| DRINKING potion of curing.
  1900 | D:2      | 1900 ||| (to cure poison)
  2193 | D:3      | 2193 ||| READING scroll labelled JOJARCH OCHUI.
  2195 | D:3      | 2195 ||| Stepping randomly (stuck).
  2196 | D:3      | 2196 ||| Stepping randomly (stuck).
  2197 | D:3      | 2197 ||| Stepping randomly (stuck).
  2198 | D:3      | 2198 ||| Stepping randomly (stuck).
  2199 | D:3      | 2199 ||| Stepping randomly (stuck).
  2200 | D:3      | 2200 ||| Stepping randomly (stuck).
  2201 | D:3      | 2201 ||| Stepping randomly (stuck).
  2202 | D:3      | 2202 ||| Stepping randomly (stuck).
  2203 | D:3      | 2203 ||| Stepping randomly (stuck).
  2204 | D:3      | 2204 ||| Stepping randomly (stuck).
  2205 | D:3      | 2205 ||| Stepping randomly (stuck).
  2206 | D:3      | 2206 ||| Stepping randomly (stuck).
  2207 | D:3      | 2207 ||| Stepping randomly (stuck).
  2208 | D:3      | 2208 ||| Stepping randomly (stuck).
  2209 | D:3      | 2209 ||| Stepping randomly (stuck).
  2210 | D:3      | 2210 ||| Stepping randomly (stuck).
  2211 | D:3      | 2211 ||| Stepping randomly (stuck).
  2212 | D:3      | 2212 ||| Stepping randomly (stuck).
  2213 | D:3      | 2213 ||| Stepping randomly (stuck).
  2214 | D:3      | 2214 ||| Stepping randomly (stuck).
  2215 | D:3      | 2215 ||| Stepping randomly (stuck).
  2216 | D:3      | 2216 ||| Stepping randomly (stuck).
  2217 | D:3      | 2217 ||| Stepping randomly (stuck).
  2235 | D:3      | Noticed Ijyb
  2241 | D:3      | Noticed Natasha
  2245 | D:3      | HP: 5/21 [Ijyb/+0 club (3)]
  2250 | D:3      | Slain by Ijyb

Levels and vault maps discovered:
D:1:      dpeg_chamrin_arrival_tetris, layout_loops_corners, serial_shops, shop,
          shapermc_ecumenical_altar_pompeii, minmay_cut_off
D:2:      layout_loops_ring, minmay_misc_feat_columns
D:3:      cheibrodos_pilgrimage, layout_basic,
          chequers_temple_overflow_minitemple, nicolae_hexahallways, uniq_ijyb,
          uniq_terence, uniq_natasha

Skill      XL: |  1  2  3 |
---------------+----------+-----
Axes           | 3 4 |  4.3
Fighting       | |  2.0
Throwing       | |  1.0
Armour         | |  1.1
Dodging        | |  2.1
Spellcasting   | |  2.0
Translocations | |  2.4

Action                   || total
-------------------------++-------
Melee: Hand axe          ||    75
       Kick              ||    18
       Punch             ||     1
       Peck              ||     9
Throw: Boomerang         ||     7
       Javelin           ||     2
  Use: Scroll            ||     6
       Potion            ||     3
Armor: Leather armour    ||    15
Dodge: Dodged            ||    31

Table legend:
 A = Non-vault XP
 B = Vault XP
 C = Vault XP percentage of total XP
 D = Non-vault monster count
 E = Vault monster count
 F = Vault count percentage of total count
                 A         B        C        D         E       F
            +---------+---------+-------+---------+---------+-------
      Total |      63 |       6 |   8.7 |      26 |       4 |  13.3
            +---------+---------+-------+---------+---------+-------
        D:1 |      30 |       6 |  16.7 |      16 |       4 |  20.0
        D:2 |      18 |       0 |   0.0 |       8 |       0 |   0.0
        D:3 |      15 |       0 |   0.0 |       2 |       0 |   0.0
            +---------+---------+-------+---------+---------+-------
